 Dungeon Crawl Stone Soup version 0.29-a0-25-g7f48f510a0 (webtiles) character file.

Game seed: 9263746288238843505

1053 dolemite99 the Cleaver (level 8, 0/64 HPs)
             Began as a Hill Orc Monk on Feb 1, 2022.
             Was a High Priest of Cheibriados.
             Slain by an unseen horror (6 damage)
             ... on level 6 of the Dungeon.
             The game lasted 00:06:25 (3717 turns).

dolemite99 the Cleaver (Hill Orc Monk)              Turns: 3717, Time: 00:06:26

Health: 0/64       AC: 11    Str: 28    XL:     8   Next: 26%
Magic:  13/13      EV:  8    Int: 22    God:    Cheibriados [*****.]
Gold:   334        SH:  0    Dex: 25    Spells: 7/7 levels left

rFire   . . .      SeeInvis .   a - +0 whip (elec)
rCold   . . .      Faith    .   (no shield)
rNeg    . . .      Spirit   .   d - +0 plate armour
rPois   .          Reflect  .   (no helmet)
rElec   .          Harm     .   s - +0 cloak
rCorr   .          Rampage  .   (no gloves)
Will    +....      Clarity  +   (no boots)
Stlth   ..........              h - amulet of regeneration
HPRegen 1.00/turn               (no ring)
MPRegen 0.13/turn               (no ring)

@: very slow
A: clarity, strong-willed 1
a: Renounce Religion, Bend Time, Temporal Distortion, Slouch, Step From Time


You were on level 6 of the Dungeon.
You worshipped Cheibriados.
Cheibriados was extremely pleased with you.
You visited 1 branch of the dungeon, and saw 6 of its levels.

You collected 334 gold pieces.

Inventory:

Hand Weapons
 a - a +0 whip of electrocution (weapon)
 b - a +0 hand axe
 f - a +0 vorpal hand axe
Missiles
 g - 22 arrows
 n - 129 stones
 x - 18 sling bullets
Armour
 c - a +0 robe
 d - a +0 plate armour (worn)
 l - a +0 chain mail
 s - a +0 cloak (worn)
 y - a +0 tower shield
Magical Staves
 k - a staff of air
 t - a staff of air
Jewellery
 h - an amulet of regeneration (around neck)
Scrolls
 j - 2 scrolls of vulnerability
 r - a scroll of teleportation
Potions
 e - a potion of flight
 m - a potion of magic
 o - a potion of haste {unknown}
 p - a potion of cancellation {unknown}
 q - a potion of brilliance {unknown}
 u - a potion of heal wounds {unknown}
 w - a potion of attraction {unknown}
 z - a potion of berserk rage {unknown}


   Skills:
 - Level 3.6 Fighting
 - Level 9.0(9.8) Axes
 - Level 4.8(6.9) Maces & Flails
 - Level 2.4 Dodging
 - Level 1.5 Stealth
 + Level 6.7 Invocations


You had 7 spell levels left.
You didn't know any spells.
Your spell library contained the following spells:

 Spells                   Type           Power      Damage    Failure   Level
 Apportation              Tloc           0%         N/A       94%         1
 Dazzling Flash           Conj/Hex       0%         N/A       100%        3
 Gell's Gravitas          Tloc           0%         N/A       100%        3
 Lesser Beckoning         Tloc           0%         N/A       100%        3
 Teleport Other           Tloc           0%         N/A       100%        3
 Agony                    Necr           0%         N/A       100%        5
 Alistair's Intoxication  Tmut/Pois      0%         N/A       100%        5
 Silence                  Hex/Air        0%         N/A       100%        5


Dungeon Overview and Level Annotations

Branches:
Dungeon (6/15)             Temple (0/1) D:5

Altars:
Cheibriados
Makhleb
Qazlal
Uskayaw


Innate Abilities, Weirdness & Mutations

You possess an exceptional clarity of mind.
You are strong-willed. (Will+)


Message History

You now have 334 gold pieces (gained 18).
Deactivating autopickup; reactivate with Ctrl-A.
You hit something. Something hits you!
Found a scroll labelled XIOGAARUWE.
Something hits you. Something hits you but does no damage. Something hits you.
You whack something! Something hits you but does no damage.
There is a strange disturbance nearby!
You hit something but do no damage. Lightning courses through something!
Something hits you. Something hits you but does no damage. Something hits you!
Something hits you but does no damage. Something hits you. Something hits you.
Something hits you. Something hits you but does no damage. Something hits you.
Something hits you.
You closely miss something. Something hits you but does no damage.
You hit something. Something hits you! Something hits you.
Something hits you. x2
Something hits you. x2
Something hits you. Something hits you but does no damage.
Something hits you but does no damage. Something hits you.
Something hits you but does no damage. Something hits you.
Something hits you but does no damage. Something hits you.
Something hits you but does no damage. x2
Something hits you but does no damage. Something hits you.
Something completely misses you.
You completely miss something. Something hits you.
You hit something but do no damage.
Something hits you but does no damage. x2
You barely miss something. Something hits you!
You barely miss something. Something hits you but does no damage.
Something hits you!
* * * LOW HITPOINT WARNING * * *
Something hits you!
* * * LOW HITPOINT WARNING * * *
You closely miss something. Something hits you.
You die...

##)......## #. ##...####
# #. ####..### ###.#.###
#.......# ....#...##
#.......# .........##
#.......# ..........#
#.......#
..........#######.......#
......!......@..........#
.........########.......#
#...#...## #.......# ..#
#.### #.......# . ...
######### .... ...? ....


There were no monsters in sight!

Vanquished Creatures
  Sigmund (D:2)
  A necrophage (D:5)
  2 ogres
  A phantom (D:4)
  A bullfrog (D:6)
  A water moccasin skeleton (D:6)
  A bullfrog zombie (D:4)
  A jelly (D:6)
  An orc priest (D:6)
  4 hounds
  An orc wizard (D:6)
  Robin (D:3)
  6 adders
  2 gnolls (D:3)
  3 worms
  2 dart slugs
  11 orcs
  7 ball pythons
  5 bats
  8 endoplasms
  2 giant cockroaches
  15 goblins
  14 hobgoblins
  8 kobolds
  12 frilled lizards
  6 rats
117 creatures vanquished.

Notes
Turn   | Place    | Note
-------+----------+-------------------------------------------
     0 | D:1      | dolemite99 the Hill Orc Monk began the quest for the Orb.
     0 | D:1      | Reached XP level 1. HP: 19/19 MP: 1/1
   351 | D:1      | Reached XP level 2. HP: 26/26 MP: 2/2
   471 | D:1      | Found a faded altar of an unknown god.
   483 | D:1      | Reached skill level 5 in Axes
   487 | D:1      | Prayed at the altar of an unknown god.
   487 | D:1      | Became a worshipper of Cheibriados the Contemplative
   487 | D:1      | Reached * piety under Cheibriados
   487 | D:1      | Reached ** piety under Cheibriados
   727 | D:1      | Reached *** piety under Cheibriados
   875 | D:2      | Reached XP level 3. HP: 29/31 MP: 3/3
   898 | D:2      | You fall into a shaft and drop 1 floor!
   928 | D:3      | Reached skill level 6 in Axes
  1061 | D:3      | Reached XP level 4. HP: 39/39 MP: 4/4
  1246 | D:2      | Reached skill level 7 in Axes
  1406 | D:2      | Reached **** piety under Cheibriados
  1409 | D:2      | Noticed Sigmund
  1598 | D:2      | Gained mutation: You are strong-willed. (Will+) [potion of
                  | mutation]
  1598 | D:2      | Gained mutation: You possess an exceptional clarity of
                  | mind. [potion of mutation]
  1613 | D:2      | Killed Sigmund
  1614 | D:2      | Reached skill level 9 in Axes
  1614 | D:2      | Reached XP level 5. HP: 26/45 MP: 5/5
  1614 | D:2      | Reached XP level 6. HP: 29/51 MP: 6/6
  1859 | D:3      | Found a stormy altar of Qazlal.
  1867 | D:3      | Found a hide-covered altar of Uskayaw.
  1881 | D:3      | Noticed Robin
  1902 | D:3      | Killed Robin
  1903 | D:3      | Reached skill level 1 in Maces & Flails
  2061 | D:3      | Reached ***** piety under Cheibriados
  2589 | D:4      | Reached XP level 7. HP: 57/57 MP: 7/7
  3012 | D:4      | Found a burning altar of Makhleb.
  3012 | D:4      | Noticed a balrug
  3015 | D:4      | Noticed a ynoxinul
  3015 | D:4      | Noticed a neqoxec
  3035 | D:5      | Entered Level 5 of the Dungeon
  3076 | D:5      | Reached skill level 1 in Invocations
  3338 | D:5      | Reached XP level 8. HP: 64/64 MP: 9/11
  3338 | D:5      | Found a staircase to the Ecumenical Temple.
  3473 | D:6      | Reached skill level 5 in Invocations
  3717 | D:6      | Slain by an unseen horror

Illustrated notes

Levels and vault maps discovered:
D:1:      ebering_trefoil_3fold, layout_basic, ebering_ecumenical_altar_webs
D:2:      layout_rooms, minmay_lizard_pond, uniq_sigmund
D:3:      minmay_octagon_keep, layout_basic, nicolae_overflow_squiral,
          cheibrodos_gnoll_hut, uniq_robin
D:4:      layout_cave_pools, makhleb_altar_promises_db, serial_park_tiny_2,
          minmay_misc_feat_more_columns
D:5:      layout_rooms, minmay_temple_entry_antechambers
D:6:      layout_rooms

Skill      XL: |  1  2  3  4  5  6  7  8 |
---------------+-------------------------+-----
Axes           | 5 6 9 |  9.0
Maces & Flails | 3 4 |  4.8
Invocations    | 4 6 |  6.7
Fighting       | |  3.6
Dodging        | |  2.4
Stealth        | |  1.5

Action                   |  1- 3 |  4- 6 |  7- 9 || total
-------------------------+-------+-------+-------++-------
Melee: Hand axe          |    84 |    92 |       ||   176
       Whip              |       |    96 |    98 ||   194
       Punch             |       |       |     1 ||     1
Throw: Stone             |       |    51 |       ||    51
Invok: Temporal Distorti |       |       |     2 ||     2
Evoke: Wand              |       |       |    18 ||    18
  Use: Scroll            |       |     7 |     3 ||    10
       Potion            |       |     2 |     1 ||     3
Armor: Plate armour      |    58 |   120 |    63 ||   241
       Robe              |     1 |       |       ||     1
Dodge: Dodged            |    22 |    86 |    31 ||   139

Table legend: (Time is in decaauts)
 A = Elapsed time spent in this place.
 B = Non-inter-level travel time spent in this place.
 C = Inter-level travel time spent in this place.
 D = Time resting spent in this place.
 E = Time spent auto-exploring this place.
 F = Levels seen in this place.
 G = Mean time per level.
                   A        B        C        D        E       F      G
               +--------+--------+--------+--------+--------+-----+--------+
         Total |   5438 |   5243 |    195 |    495 |   3320 |   6 |  906.3 |
       Dungeon |   5438 |   5243 |    195 |    495 |   3320 |   6 |  906.3 |
               +--------+--------+--------+--------+--------+-----+--------+

Top non-repeatable levels by time:
     D:3: 1500 daAuts
     D:1: 1044 daAuts
     D:4: 942 daAuts
     D:2: 886 daAuts
     D:5: 649 daAuts
     D:6: 415 daAuts
